 Dungeon Sprint DCSS version 0.19-a0-1195-ge0bab27 (webtiles) character file.

444 Deeps the Cleaver (level 6, -9/72 HPs)
             Began as a Deep Dwarf Fighter on Aug 19, 2016.
             Was an Elder of Makhleb.
             Mangled by an earth elemental (29 damage)
             ... in the Dungeon (Sprint VII: "The Pits").
             The game lasted 00:01:21 (292 turns).

Deeps the Cleaver (Deep Dwarf Fighter)               Turns: 292, Time: 00:01:22

Health: -9/72      AC:  9    Str: 21    XL:     6   Next: 72%
Magic:  6/6        EV:  7    Int:  9    God:    Makhleb [****..]
Gold:   0          SH:  9    Dex: 12    Spells: 0 memorised, 5 levels left

rFire  . . .     SeeInvis .     a - +0 war axe
rCold  . . .     Gourm    .     s - +3 scale mail
rNeg   . . .     Faith    .     c - +0 shield
rPois  .         Spirit   .     (no helmet)
rElec  .         Dismiss  .     (no cloak)
rCorr  .         Reflect  .     (no gloves)
MR     .....     Harm     .     (no boots)
Stlth  .......... NoTele   +    (no amulet)
                                (no ring)
                                (no ring)

@: non-regenerating
A: damage resistance, recharge devices, sense surroundings 1, slow regeneration
3
a: Device Recharging, Minor Destruction, Lesser Servant of Makhleb, Major
Destruction, Renounce Religion


You were in the Dungeon.
You worshipped Makhleb.
Makhleb was greatly pleased with you.
You were not hungry.

You visited 1 branch

Inventory:

Hand Weapons
 a - a +0 war axe (weapon)
 t - a +2 mace of protection
Armour
 b - a +0 scale mail
 c - a +0 shield (worn)
 s - a +3 scale mail (worn)
Wands
 e - a wand of heal wounds (4/9)
Scrolls
 l - a scroll of blinking
 n - 3 scrolls of remove curse
 o - 5 scrolls of amnesia
 p - a scroll of summoning
Potions
 d - a potion of might
 g - 6 potions of curing
 h - 6 potions of heal wounds
 i - a potion of haste
 j - 4 potions of magic
 k - 3 potions of berserk rage
 m - 2 potions of invisibility
Comestibles
 f - 8 bread rations
 q - 40 fruits
 r - 7 meat rations


   Skills:
 + Level 9.8 Fighting
 + Level 11.2 Axes
 - Level 3.2 Armour
 - Level 3.2 Shields


You had 5 spell levels left.
You didn't know any spells.

Dungeon Overview and Level Annotations

Branches:
Dungeon (1/1)

Altars:
Ashenzari
Cheibriados
Dithmenos
Elyvilon
Fedhas
Gozag
Hepliaklqana
Kikubaaqudgha
Makhleb
Nemelex Xobeh
Okawaru
Qazlal
Ru
Sif Muna
Trog
Uskayaw
Vehumet
Xom
Yredelemnul
Zin
The Shining One
Beogh
Jiyva
Lugonu


Innate Abilities, Weirdness & Mutations

You are resistant to damage.
You can recharge devices by infusing magical energy.
You passively map a small area around you.
You do not regenerate.


Message History

The earth elemental is moderately damaged.
The earth elemental barely misses you.
You slash the earth elemental!
The earth elemental is heavily damaged.
Your shield and scale mail prevent you from hitting the earth elemental.
The earth elemental is heavily damaged.
You block the earth elemental's attack.
You hit the earth elemental but do no damage.
The earth elemental is heavily damaged.
The earth elemental hits you!!
* * * LOW HITPOINT WARNING * * *
You slash the earth elemental!
The earth elemental is almost destroyed.
Unknown command.
Evoke which item? (* to show all) (? for menu, Esc to quit)
Zapping:
e - a wand of heal wounds (5/9)
Press: ? - help, Shift-Dir - straight line, f - you You feel much better.
This wand has 4 charges left.
The earth elemental hits you!!
You die...

#.#..#.))..##.......#
#'###########.......#
, #.......#
,*#########
#.......#,*** ,
#...#...# * * ,
#..###..#+# * ,
#...#...#.+ ,,+ , *
#.......#E#, ,
#.......†@# ,
########### *


You could see an earth elemental.

Vanquished Creatures
  2 giant eyeballs (D)
  A porcupine (D)
  A sky beast (D)
  An iron imp (D)
  An adder (D)
  An adder zombie (D)
  A giant gecko (D)
  A giant cockroach (D)
  2 goblins (D)
  A hobgoblin (D)
  2 kobolds (D)
  2 giant newts (D)
16 creatures vanquished.

Notes
Turn   | Place    | Note
-------+----------+-------------------------------------------
     0 | D        | Deeps the Deep Dwarf Fighter began the quest for the Orb.
     0 | D        | Reached XP level 1. HP: 20/20 MP: 1/1
    11 | D        | Noticed a giant eyeball
    14 | D        | Killed a giant eyeball
    14 | D        | Reached skill level 7 in Axes
    14 | D        | Reached XP level 2. HP: 34/34 MP: 2/2
    14 | D        | Reached XP level 3. HP: 42/42 MP: 3/3
    14 | D        | Reached XP level 4. HP: 49/49 MP: 4/4
    42 | D        | Found a radiant altar of Vehumet.
    42 | D        | Found a hide-covered altar of Uskayaw.
    42 | D        | Found an ancient bone altar of Kikubaaqudgha.
    42 | D        | Found a viscous altar of Jiyva.
    42 | D        | Found a hazy altar of Hepliaklqana.
    43 | D        | Found a bloodstained altar of Trog.
    43 | D        | Found a deep blue altar of Sif Muna.
    43 | D        | Found a sacrificial altar of Ru.
    43 | D        | Found a stormy altar of Qazlal.
    43 | D        | Found an iron altar of Okawaru.
    43 | D        | Found a sparkling altar of Nemelex Xobeh.
    43 | D        | Found an opulent altar of Gozag.
    43 | D        | Found a blossoming altar of Fedhas.
    43 | D        | Found a white marble altar of Elyvilon.
    43 | D        | Found a shadowy altar of Dithmenos.
    43 | D        | Found a snail-covered altar of Cheibriados.
    44 | D        | Found a glowing golden altar of the Shining One.
    44 | D        | Found a glowing silver altar of Zin.
    45 | D        | Found a burning altar of Makhleb.
    45 | D        | Found a basalt altar of Yredelemnul.
    45 | D        | Found a roughly hewn altar of Beogh.
    46 | D        | Found a corrupted altar of Lugonu.
    46 | D        | Found a shimmering altar of Xom.
    46 | D        | Found a shattered altar of Ashenzari.
    53 | D        | Became a worshipper of Makhleb the Destroyer
    91 | D        | Reached * piety under Makhleb
   111 | D        | Reached ** piety under Makhleb
   215 | D        | Noticed a giant eyeball
   220 | D        | Paralysed by a giant eyeball for 3 turns
   225 | D        | Paralysed by a giant eyeball for 2 turns
   227 | D        | Killed a giant eyeball
   227 | D        | Reached skill level 9 in Axes
   227 | D        | Reached XP level 5. HP: 58/58 MP: 5/5
   242 | D        | Reached *** piety under Makhleb
   251 | D        | Noticed a sky beast
   265 | D        | Killed a sky beast
   265 | D        | Reached skill level 10 in Axes
   265 | D        | Reached XP level 6. HP: 69/69 MP: 6/6
   277 | D        | Noticed a porcupine
   280 | D        | Killed a porcupine
   280 | D        | Reached **** piety under Makhleb
   280 | D        | Reached skill level 11 in Axes
   290 | D        | HP: 1/72 [earth elemental (33)]
   292 | D        | Mangled by an earth elemental

Vault maps used:
D:        pitsprint

Skill      XL: |  1  2  3  4  5  6 |
---------------+-------------------+-----
Fighting       | 6 8 9 |  9.8
Axes           | 7 9 10 11 | 11.2
Armour         | |  3.2
Shields        | |  3.2

Action                   |  1- 3 |  4- 6 || total
-------------------------+-------+-------++-------
Melee: War axe           |     2 |    64 ||    66
Evoke: Wand              |       |     1 ||     1
Armor: Scale mail        |       |    17 ||    17
Dodge: Dodged            |       |    12 ||    12
Block: Shield            |       |    20 ||    20
